[Event "III Menorca Open-A 2024"]
[Site "Ciutadella Menorca"]
[Date "2024.04.04"]
[Round "5.9"]
[White "Seemann, Jakub"]
[Black "Chigaev, Maksim"]
[Result "1/2-1/2"]
[ECO "C55"]
[WhiteElo "2465"]
[BlackElo "2617"]
[Annotator "TA"]
[PlyCount "97"]
[EventDate "2024.04.02"]
[EventType "swiss"]
[EventCountry "ESP"]
[SourceTitle "playchess.com"]
[Source "ChessBase"]
[SourceQuality "1"]
[TimeControl "5400+30"]

1. e4 e5 2. Nf3 Nc6 3. Bc4 Nf6 4. d3 h6 5. O-O d6 6. c3 g5 {[%emt 0:00:13] C55: Two Knights: 4 d3, 4 d4 exd4 5 e5 and Max Lange Attack.} 7. Nbd2 Bg7 8. Bb3 a5 $1 {[%emt 0:03:41][%mdl 4] outshines the older 8...0-0.} 9. Nc4 b5 10. Ne3 a4 11. Bc2 O-O $146 ({Predecessor:} 11... d5 12. exd5 Nxd5 13. d4 Nxe3 14. Bxe3 exd4 15. Nxd4 Nxd4 16. Bxd4 Bxd4 17. Re1+ Kf8 18. cxd4 {½-½ Ostrovskiy,A (2425)-Hilby,C (2433) Charlotte CCCSA Summer GM 2020 (6)}) 12. Re1 Re8 13. h3 d5 14. exd5 Nxd5 15. d4 e4 16. Ne5 Nxe3 17. Bxe3 Bxe5 18. dxe5 Qxd1 19. Raxd1 Rxe5 20. Bd4 Nxd4 21. cxd4 Re7 22. Bxe4 Ra6 23. Bd3 Rxe1+ 24. Rxe1 Be6 25. Bxb5 Ra5 26. Bc6 Bxa2 27. Re7 a3 ({But not} 27... Bd5 $2 28. Re5 $18 (28. Rxc7 Bxc6 29. Rxc6 Rb5 $14)) 28. bxa3 (28. Rxc7 $2 {is the wrong capture.} axb2 29. Be4 Bd5 $19 (29... b1=B $2 30. Rc8+ Kg7 31. Ra8 $19) (29... b1=N $2 30. d5 $19) (29... b1=R+ $2 30. Bxb1 Bxb1 31. Rc1 $19)) 28... Rxa3 29. Rxc7 Rc3 30. Rc8+ Kg7 31. Bb7 Rd3 32. Rd8 Kf6 33. Bf3 Be6 34. Kh2 Ke7 35. Rh8 Rxd4 36. Rxh6 Rh4 (36... Rb4 $11 {remains equal.}) 37. Rxh4 $16 gxh4 38. g3 hxg3+ 39. Kxg3 f6 40. h4 Kf8 41. Bg4 Bf7 42. Kf4 Kg7 43. Kf5 Bg8 44. f4 Bf7 45. h5 Bg8 46. Bf3 Bb3 47. Be4 ({White must play} 47. h6+ $1 $16 Kxh6 48. Kxf6) 47... Kf7 $1 $11 48. Kg4 Kg7 49. Kf5 1/2-1/2

[Event "III Menorca Open-A 2024"]
[Site "Ciutadella Menorca"]
[Date "2024.04.04"]
[Round "5.10"]
[White "Makkar, Rajat"]
[Black "Idani, Pouya"]
[Result "1/2-1/2"]
[ECO "E11"]
[WhiteElo "2452"]
[BlackElo "2609"]
[Annotator "TA"]
[PlyCount "29"]
[EventDate "2024.04.02"]
[EventType "swiss"]
[EventCountry "ESP"]
[SourceTitle "playchess.com"]
[Source "ChessBase"]
[SourceQuality "1"]
[TimeControl "5400+30"]

1. d4 Nf6 2. c4 e6 3. Nf3 Bb4+ 4. Bd2 Qe7 5. e3 O-O 6. Bd3 Bxd2+ 7. Qxd2 d5 8. O-O b6 {[%emt 0:02:05] The position is equal.} 9. cxd5 exd5 10. Nc3 c5 11. dxc5 bxc5 {[%emt 0:00:06] [#]} 12. e4 $1 d4 (12... Nxe4 $2 {too greedy.} 13. Nxd5 Qe8 14. Qf4 $18) (12... dxe4 13. Rfe1) 13. e5 dxc3 14. exf6 Qxf6 15. Qxc3 {[%emt 0:00:18] A rather calm draw.   Weighted Error Value: White=0.03 (flawless) /Black=0.09 (flawless) .  OK:         	White=3     	---        Best:        	White=1     	Black=1} 1/2-1/2

[Event "III Menorca Open-A 2024"]
[Site "Ciutadella Menorca"]
[Date "2024.04.04"]
[Round "5.11"]
[White "Mamedov, Edgar"]
[Black "Pichot, Alan"]
[Result "0-1"]
[ECO "D37"]
[WhiteElo "2317"]
[BlackElo "2644"]
[Annotator "TA"]
[PlyCount "96"]
[EventDate "2024.04.02"]
[EventType "swiss"]
[EventCountry "ESP"]
[SourceTitle "playchess.com"]
[Source "ChessBase"]
[SourceQuality "1"]
[TimeControl "5400+30"]

1. d4 Nf6 2. c4 e6 3. Nf3 d5 4. Nc3 a6 5. c5 b6 6. cxb6 {[%emt 0:00:17] D37: Queen's Gambit Declined: 5 Bf4.} c5 7. Bf4 Bd6 8. Bxd6 Qxd6 9. dxc5 Qxc5 10. Qd4 Qd6 11. e3 Nbd7 12. Be2 Qxb6 (12... e5 {is interesting.} 13. Qa4 O-O 14. Qa3 Qxb6 15. O-O Bb7) 13. Qxb6 Nxb6 14. O-O $146 ({Predecessor:} 14. Nd4 Bd7 15. Kd2 Ke7 16. Rhc1 Rhc8 17. Ke1 e5 18. Nf3 Kd6 19. Rd1 h6 20. Rac1 {½-½ Mirzoev,A (2416)-Kaustuv,K (2242) Maharashtra op 2nd 2023 (7)}) 14... Bd7 15. a4 a5 16. Ne5 Ke7 17. Bb5 Rhc8 18. Rfc1 Rc5 19. Na2 (19. f3 $11) 19... Ne4 (19... Nxa4 $2 20. Bxa4 Rcc8 21. Rxc8 Bxc8 22. Nc3 $18) ({Black should play} 19... Rxc1+ $17 20. Rxc1 Bxb5 (20... Nxa4 $2 21. Nxd7 Nxb2 22. Nxf6 $18) 21. axb5 Nfd7 22. Nc6+ Kd6) 20. Bxd7 (20. Rxc5 $11 {remains equal.} Nxc5 21. Nxd7 Ncxd7 (21... Nbxd7 $2 22. b4 $19) 22. Rc1) 20... Nxd7 $17 21. Nc6+ Kf6 22. f3 Nd6 (22... Nd2 $17 {Hoping for ...Nb3.} 23. Rxc5 Nxc5) 23. Rxc5 (23. b3 $11) 23... Nxc5 $17 24. Nc3 Nc4 25. e4 dxe4 (25... Nxb2 $6 26. exd5 Ra6 27. Ne4+ Nxe4 28. fxe4 exd5 29. exd5 $11) 26. fxe4 g6 (26... Nxb2 27. Rf1+ Kg5 (27... Kg6 28. Ne5+ Kh6 29. Nxf7+ Kg6 30. Ne5+ Kg5 31. Nb5 $11) 28. Rxf7 $11) 27. e5+ Kg7 $1 (27... Nxe5 $2 28. Rf1+ Kg7 29. Nxe5 $18) 28. Nb5 Nxb2 29. Nd6 Ra6 (29... Ncxa4 30. Ra2 $17) 30. Nd8 f5 (30... Ncxa4 31. Ra2 $17) 31. Rc1 Nbd3 (31... Ncxa4 $2 32. Nxe6+ Kh6 33. Nc7 $18) 32. Rc3 Nxe5 (32... Nxa4 33. Nxe6+ (33. Rxd3 Nc5 $18) 33... Kh6 34. Rxd3 g5 35. Nf7+ (35. Nxf5+ Kg6 $18) 35... Kg6 36. Nh8+ (36. Nexg5 Nc5 $18) 36... Kh5 37. Rh3+ Kg4 38. Rg3+ Kh4 39. Nxg5 f4 40. Nf3+ Kh5 41. Rg5+ Kh6 42. Nf7#) 33. Nxf5+ exf5 34. Rxc5 Kf6 35. h3 Rd6 36. Nb7 Rd1+ 37. Kh2 Rd2 38. Nxa5 $2 (38. Kg1 $17) 38... Nf3+ $19 39. Kg3 Ne1 40. Rc6+ Kg5 41. h4+ Kh5 42. Rc7 h6 ({Stronger than} 42... Nxg2 43. Rxh7#) (42... Rxg2+ 43. Kf4 Rg4+ (43... Kxh4 44. Rxh7#) 44. Ke3 Re4+ (44... Rxh4 45. Rxh7+ Kg5 46. Rxh4 $11) (44... Kxh4 $2 45. Nc4 $19) 45. Kf2 $19) 43. Nc6 Rxg2+ 44. Kf4 Rg4+ 45. Ke5 Nf3+ 46. Kf6 Rxa4 47. Ne7 Nxh4 ({Weaker is} 47... Kxh4 48. Kxg6 (48. Nxg6+ $2 {is the wrong capture.} Kg4 $19) 48... Kg4 49. Kxh6 $11) 48. Kg7 f4 0-1

[Event "III Menorca Open-A 2024"]
[Site "Ciutadella Menorca"]
[Date "2024.04.04"]
[Round "5.12"]
[White "Fedoseev, Vladimir"]
[Black "Castellanos Rodriguez, Renier"]
[Result "1-0"]
[ECO "B90"]
[WhiteElo "2690"]
[BlackElo "2467"]
[Annotator "TA"]
[PlyCount "92"]
[EventDate "2024.04.02"]
[EventType "swiss"]
[EventCountry "ESP"]
[SourceTitle "playchess.com"]
[Source "ChessBase"]
[SourceQuality "1"]
[TimeControl "5400+30"]

1. e4 c5 2. Nf3 d6 3. d4 cxd4 4. Nxd4 Nf6 5. Nc3 a6 6. Be3 e5 7. Nb3 Be6 8. Qd2 Nbd7 9. O-O-O Be7 10. Kb1 Ng4 11. g3 {[%emt 0:00:21] The position is equal.} Nxe3 12. Qxe3 Qb6 13. Qd2 Nf6 14. f4 Rc8 15. Bd3 h5 (15... Bd7 $11) 16. f5 $14 Bd7 17. h3 Bc6 18. Qg2 Qe3 (18... Qd8 $11 {keeps the balance.}) 19. Rde1 Qg5 20. Rhf1 Bd8 21. a3 b5 22. Nd5 Bxd5 23. exd5 Bb6 24. Nd2 Qh6 25. Qe2 (25. Ne4 {feels hotter.} Ke7 26. Qf3 Bc5 27. Nxf6 Qxf6 28. c3) 25... Kf8 26. Be4 Qg5 27. Rf3 Ba5 28. c3 Bb6 29. Ref1 Ke7 30. Bd3 Rhe8 31. a4 bxa4 32. Ne4 Nxe4 33. Bxe4 Kf6 34. Qxa6 Rb8 35. Kc2 Bc5 36. Qxa4 Re7 37. Rb1 Ra7 38. Qc4 Ke7 39. Bd3 Qh6 40. Qe4 Ra2 {[%emt 0:00:37] A mistake that costs the game.} (40... Kf8 $14) 41. Bc4 $18 Ra4 (41... Ra7 $142 42. f6+ (42. b4 Bb6 $18) 42... gxf6) 42. b4 Bb6 {[%emt 0:00:17] [#]} 43. f6+ $1 gxf6 44. Rbf1 {[%emt 0:02:30] Strongly threatening Qh4.} Rc8 $2 (44... Rg8 45. Rxf6 Qxf6 46. Rxf6 Kxf6 47. Qf3+ Ke7 48. Qxh5 Be3) 45. Rxf6 Qxf6 46. Rxf6 Kxf6 {[%emt 0:00:05] Weighted Error Value: White=0.17 (very precise) /Black=0.21 (precise) .  Mistake:       	---       	Black=5      Inaccurate:     	White=4     	Black=2      OK:         	White=14    	Black=10     Best:        	White=4     	---        Brilliant:      	White=1     	---} 1-0

[Event "III Menorca Open-A 2024"]
[Site "Ciutadella Menorca"]
[Date "2024.04.04"]
[Round "5.13"]
[White "Lagarde, Maxime"]
[Black "Zhu, Jiner"]
[Result "1/2-1/2"]
[ECO "E05"]
[WhiteElo "2638"]
[BlackElo "2463"]
[Annotator "TA"]
[PlyCount "116"]
[EventDate "2024.04.02"]
[EventType "swiss"]
[EventCountry "ESP"]
[SourceTitle "playchess.com"]
[Source "ChessBase"]
[SourceQuality "1"]
[TimeControl "5400+30"]

1. d4 Nf6 2. Nf3 d5 3. g3 e6 4. Bg2 Be7 5. O-O O-O 6. c4 dxc4 7. Qc2 b5 8. a4 {[%emt 0:00:17] E05: Open Catalan: 5 Nf3 Be7.} b4 9. Nfd2 Nd5 10. Nxc4 c5 11. dxc5 Bxc5 12. e4 Nb6 13. Ncd2 N8d7 14. a5 Ba6 15. axb6 Rc8 16. Qd1 Qxb6 17. Nb3 Bxf1 18. Qxf1 h6 19. N1d2 Ne5 20. Nxc5 Qxc5 21. Nb3 Qc7 22. Bf4 g5 ({Black should play} 22... Qc4) 23. Bxe5 $1 $16 Qxe5 24. Qe2 (24. Rxa7 $2 Qxb2 25. h4 Qxb3 $19) 24... Qc7 25. Bf1 (25. Qh5 $1 $16 Kh7 (25... Qc2 $2 26. Qxh6 Qxb3 27. Qxg5+ Kh7 28. Qh5+ Kg7 29. Qg4+ Kh6 30. Ra5 $18) 26. Bf1) 25... Qc2 $11 26. Na5 Rfd8 27. Nc4 b3 $1 28. Rxa7 $146 ({Predecessor:} 28. Qg4) 28... Rd1 29. Qf3 Rxf1+ 30. Kxf1 Qxc4+ 31. Kg2 Rf8 32. Rb7 f5 33. Rxb3 fxe4 34. Qe3 e5 (34... Rf3 $11 35. Rb8+ Kg7) 35. Rc3 Qd4 36. Qe2 Rf7 37. Re3 Kg7 38. b3 (38. Rxe4 Rxf2+ 39. Qxf2 Qxe4+ 40. Kh3 Qd3 $11) 38... Qd5 39. Qc2 (39. Rxe4 Kf8 40. b4 Ra7 41. Qf3+ Kg7) 39... Rf3 40. Qc4 (40. Qxe4 {simplifies} Qxe4 41. Rxe4 Rxb3 42. Rxe5 Kf6 43. Ra5) 40... Qb7 41. b4 Rxe3 42. fxe3 g4 (42... h5 $1 $11) 43. b5 (43. Qe6 $1 $16 ) 43... Qd7 {[%emt 0:01:18] [#]} (43... Qa7 $11) 44. Kf2 ({Of course not} 44. Qxe4 $6 Qd2+ 45. Kf1 Qd1+ 46. Kf2 Qd2+ 47. Kf1 Qd1+ 48. Kf2 Qd2+ 49. Kf1 $11) (44. Qe2 $1 $16) 44... Kf6 {[%emt 0:02:26] [#]} (44... h5 $11) 45. Ke2 ({Don't play} 45. Qxe4 $6 Qd2+ 46. Kf1 Qd1+ 47. Kf2 Qd2+ 48. Kf1 Qd1+ 49. Kf2 Qd2+ $11) ({Only move:} 45. b6 $1 $16) 45... Qa7 $11 46. Qb3 Qb6 47. Qd5 h5 48. Kd2 Qc7 49. Qb3 Qb6 50. Qd5 Qc7 51. Kd1 Qc3 52. b6 Qb2 $1 53. Qc6+ (53. b7 $5 Qb1+ $8 54. Ke2 Qb2+ 55. Kd1 Qb1+ 56. Kd2 Qb2+ 57. Ke1 Qb4+ 58. Kf1 Qb1+ 59. Ke2 Qb2+ 60. Kd1 $11) 53... Kf5 54. Qc8+ (54. b7 $5 Qb1+ $8 55. Qc1 Qxb7 56. Qc4 $11) 54... Kf6 55. Qf8+ Ke6 56. Qc8+ Kf6 57. b7 Qb1+ 58. Kd2 Qb2+ 1/2-1/2

[Event "III Menorca Open-A 2024"]
[Site "Ciutadella Menorca"]
[Date "2024.04.04"]
[Round "5.14"]
[White "Murzin, Volodar"]
[Black "Bilych, Olexiy"]
[Result "1-0"]
[ECO "E08"]
[WhiteElo "2632"]
[BlackElo "2451"]
[Annotator "TA"]
[PlyCount "59"]
[EventDate "2024.04.02"]
[EventType "swiss"]
[EventCountry "ESP"]
[SourceTitle "playchess.com"]
[Source "ChessBase"]
[SourceQuality "1"]
[TimeControl "5400+30"]

1. Nf3 d5 2. g3 Nf6 3. Bg2 e6 4. O-O Be7 5. d4 O-O 6. c4 a5 7. Qc2 Nbd7 8. Bf4 c6 9. Rd1 h6 10. Nc3 b6 11. Ne5 {[%emt 0:02:24] White is slightly better.} Nxe5 12. dxe5 Nd7 13. cxd5 cxd5 ({Reject} 13... exd5 $6 14. e4 d4 15. Rxd4 $16) 14. e4 d4 15. Rxd4 g5 16. Bc1 $36 {[%emt 0:03:02][%cal Bf4c1,Bc1e3,Be3d4,Bd4f6][%mdl 2080] White has good play.} Bc5 17. Rd1 {[%emt 0:00:26] White is more active.} Qc7 18. Na4 Qxe5 19. Nxc5 Nxc5 20. Be3 Ba6 21. Bd4 Qc7 22. Qc3 Kh7 23. Bf6 {[%emt 0:12:29] [#] Repels Rad8. h4 is the strong threat. This pair of bishops is nice.} Be2 $2 {[%emt 0:02:27] Black cannot hold the game after this.} (23... Bb7 $16 {was worth a try.} 24. Rac1 Bc6) 24. Rd4 $18 {[%emt 0:01:57] And now e5 would win.} Rac8 25. Qd2 Bh5 (25... e5 {might work better.} 26. Rd5 Bc4) 26. e5 {[%emt 0:00:53] White is clearly winning.} Rg8 27. h4 g4 28. Rc1 Bg6 29. Rxg4 {[%emt 0:01:45] Black is weak on the dark squares} Bf5 30. Rd4 {[%emt 0:01:12] Weighted Error Value: White=0.03 (flawless) /Black=0.24 (precise) .  Mistake:       	---       	Black=2      Inaccurate:     	White=1     	Black=3      OK:         	White=16    	Black=9      Best:        	White=2     	---} 1-0

[Event "III Menorca Open-A 2024"]
[Site "Ciutadella Menorca"]
[Date "2024.04.04"]
[Round "5.15"]
[White "Karthik Venkataraman"]
[Black "Deuer, Marius"]
[Result "1-0"]
[ECO "A34"]
[WhiteElo "2609"]
[BlackElo "2439"]
[Annotator "TA"]
[PlyCount "81"]
[EventDate "2024.04.02"]
[EventType "swiss"]
[EventCountry "ESP"]
[SourceTitle "playchess.com"]
[Source "ChessBase"]
[SourceQuality "1"]
[TimeControl "5400+30"]

1. c4 Nf6 2. Nc3 c5 3. g3 d5 4. cxd5 Nxd5 5. Bg2 Nc7 6. e3 e5 {[%emt 0:09:17] 6...e5 scores better than 6...Nc6. A34: Symmetrical English: 2 Nc3, lines with ...d5.} 7. Nge2 Nc6 8. O-O Be7 9. f4 O-O 10. b3 f6 $146 ({Predecessor:} 10... Bf5 11. fxe5 Qd7 12. d4 Rad8 13. Ba3 Rfe8 14. dxc5 Qe6 15. Qe1 Qxe5 16. Qf2 Bg6 {½-½ Jobava,B (2588)-Volokitin,A (2687) EU-ch 22nd Terme Catez 2022 (9)}) 11. Ba3 Be6 12. Ne4 Na6 13. f5 Bf7 14. g4 Nab4 15. h4 c4 16. N2c3 Kh8 17. Kh2 Rc8 18. Rg1 cxb3 19. axb3 Nd5 20. Bxe7 Qxe7 21. g5 Nxc3 22. dxc3 Rcd8 23. Qc2 Bd5 24. c4 Nb4 25. Qc3 Bc6 26. c5 (26. Rxa7 fxg5 27. c5 Nd5 $17) 26... Nd5 27. Qe1 $1 fxg5 28. Nxg5 Nc7 (28... Qxc5 $6 29. Ne6 Qe7 30. Qg3 $16 (30. Rxa7 Ra8 $11)) 29. Bxc6 (29. Rxa7 e4 (29... Rxf5 30. Bxc6 bxc6 31. Qb1 $14) (29... Qxc5 30. Ra5 $15) 30. Rf1 h6 $17 (30... Qxc5 31. Ra5 $11)) 29... bxc6 30. Rxa7 Rxf5 31. Qb4 h6 32. Qe4 Qf6 (32... Rd2+ $1 $14 33. Rg2 Rxg2+ 34. Kxg2 Qf8 (34... Qd7 $2 35. Rxc7 Rxg5+ 36. hxg5 $18)) 33. Rxc7 $18 hxg5 34. Rxc6 (34. Qxc6 $2 Rf2+ 35. Rg2 Qf5 $19 (35... Qxc6 $2 36. Rxc6 Rf3 37. Rd6 $18) (35... Rxg2+ 36. Qxg2 g4 37. Kg3 $11)) 34... Qf7 {[%emt 0:00:37] [#]} 35. Rg2 $1 (35. Rxg5 Rxg5 36. hxg5 Qh5+ 37. Kg3 Qxg5+ 38. Kf2 Rf8+ 39. Ke2 Qg1 40. Qh4+ (40. Qxe5 Qf1+ 41. Kd2 Rf2+ 42. Kc3 Qa1+ 43. Kb4 Qxe5 44. Rc8+ Kh7 45. Kb5 Qd5 46. b4 Qb7+ 47. Kc4 Qxc8 48. Kd4 Qd7+ 49. Kc3 Rd2 50. b5 Qd3+ 51. Kb4 Rb2+ 52. Ka4 Qxb5+ 53. Ka3 Qb4#) 40... Kg8 41. Qc4+ Kh8 $16) 35... gxh4 $2 (35... Rf2 $18 36. Rd6 (36. Qxe5 $2 {perishes.} Rxg2+ 37. Kxg2 Rd2+ 38. Kg3 Qf2+ 39. Kg4 Qg2+ 40. Qg3 Qxc6 $19) (36. hxg5 Qh5+ 37. Kg3 Rxg2+ 38. Kxg2 Rd2+ 39. Kg3 Qxg5+ 40. Kh3 Qh5+ 41. Kg3 Qh2+ 42. Kg4 Qg1+ 43. Kf5 Qf1+ 44. Kxe5 Qa1+ 45. Kf5 Qf1+ 46. Ke5 Qa1+ 47. Kf5 Qf1+ 48. Ke5 $11) 36... Rf8 (36... Rxg2+ 37. Qxg2 Rxd6 38. cxd6 $16)) 36. Rcg6 Rh5 37. Rxg7 Qe6 38. R7g6 Qf7 39. Qg4 Rh7 40. Qg5 Re8 41. Rh6 1-0

[Event "III Menorca Open-A 2024"]
[Site "Ciutadella Menorca"]
[Date "2024.04.04"]
[Round "5.16"]
[White "Levin, Guy"]
[Black "Yuffa, Daniil"]
[Result "1/2-1/2"]
[ECO "D04"]
[WhiteElo "2451"]
[BlackElo "2606"]
[Annotator "TA"]
[PlyCount "53"]
[EventDate "2024.04.02"]
[EventType "swiss"]
[EventCountry "ESP"]
[SourceTitle "playchess.com"]
[Source "ChessBase"]
[SourceQuality "1"]
[TimeControl "5400+30"]

1. Nf3 d5 2. e3 c5 3. d4 Nf6 4. dxc5 e6 5. a3 Bxc5 6. b4 Be7 7. Bb2 O-O 8. Be2 {[%emt 0:00:26] The position is equal.} b6 9. O-O Bb7 10. Nbd2 Nbd7 11. c4 Rc8 12. Rc1 dxc4 13. Nxc4 h6 14. Qd4 Bd5 15. Rfd1 Rc7 16. Nce5 Nxe5 17. Nxe5 Qb8 18. Rxc7 Qxc7 19. Rc1 Qb7 20. Qc3 Ne4 21. Qc7 Bd6 22. Qxb7 Bxb7 23. f3 {[%emt 0:02:48] [#] Threatens to win with Nc4.} Nf6 24. e4 a5 25. Rd1 Be7 26. Nd7 {[%emt 0:00:56] White is more active.} (26. bxa5 $16 {a6 would now be deadly.} bxa5 27. a4) 26... Rd8 $14 27. Nxb6 {[%emt 0:02:06] Weighted Error Value: White=0.05 (flawless) /Black=0.07 (flawless) .  Mistake:       	White=1     	---        Inaccurate:     	White=2     	Black=2      OK:         	White=10    	Black=5      Best:        	---       	Black=1} 1/2-1/2

[Event "III Menorca Open-A 2024"]
[Site "Ciutadella Menorca"]
[Date "2024.04.04"]
[Round "5.17"]
[White "Albornoz Cabrera, Carlos Daniel"]
[Black "Jacobson, Aaron"]
[Result "1-0"]
[ECO "C42"]
[WhiteElo "2603"]
[BlackElo "2431"]
[Annotator "TA"]
[PlyCount "123"]
[EventDate "2024.04.02"]
[EventType "swiss"]
[EventCountry "ESP"]
[SourceTitle "playchess.com"]
[Source "ChessBase"]
[SourceQuality "1"]
[TimeControl "5400+30"]

1. e4 e5 2. Nf3 Nf6 3. Nxe5 d6 4. Nf3 Nxe4 5. d4 d5 6. Bd3 Bd6 7. O-O O-O 8. c4 c6 9. Re1 Bf5 10. Qb3 Qd7 11. c5 Bc7 12. Nbd2 Be6 {[%emt 0:03:48] The position is equal.} 13. Qc2 (13. Qxb7 $2 Bxh2+ 14. Nxh2 Qxb7 $19) 13... f5 14. Nf1 b6 15. b4 a5 16. cxb6 Bxb6 17. bxa5 Rxa5 18. Bd2 Ra8 19. a4 Qa7 20. Qb2 (20. a5 $14 Bc7 21. Bb4) 20... Nd7 $11 21. a5 Bc7 (21... Bd8 $1 $11) 22. Qc2 Rfc8 23. Ng3 $36 {[%emt 0:07:43][%mdl 2048] Black is under pressure.} (23. Qxc6 $2 Bxh2+ 24. N1xh2 Rxc6 $19) 23... c5 (23... h6 $14) 24. Ng5 $16 cxd4 {[%emt 0:03:28] Strongly threatening ...Bxg3.} 25. Qa2 $1 (25. Nxe6 $2 Bxg3 26. Qa2 Bxf2+ 27. Kh1 Bxe1 28. Bxe1 Ndf6 $19) 25... Bxg3 26. hxg3 (26. Nxe6 $2 Bxf2+ 27. Kh1 Bxe1 28. Bxe1 Ndf6 $19) 26... Nxg5 27. Bxg5 {[%emt 0:00:02] This pair of bishops is nice.} Nc5 28. Qe2 Nxd3 29. Qxd3 Rc3 30. Qd2 {[%emt 0:00:26][%mdl 1024] White has strong compensation.} Rc6 31. Bf4 {[%emt 0:01:56] Black is weak on the dark squares} Ra6 (31... Bf7 $142 32. Reb1 Ra6) 32. Rac1 $1 {[%emt 0:03:30] And now Rc7 would win.} Qf7 33. Bc7 {[%emt 0:03:26] White is more active.} Qf6 (33... Rc8 $142) 34. Bb6 $18 Bf7 35. Rc7 (35. Qxd4 Qxd4 36. Bxd4 Rxa5 $11) 35... Rxb6 36. axb6 Qxb6 37. Rec1 {[%emt 0:03:30] Threatens to win with Rc8+.} h6 38. Qd3 {[%emt 0:02:07][%cal Oc7f7] aiming for Rxf7!} Qf6 39. R7c6 Qe5 40. Rc8+ Rxc8 {[%emt 0:00:00] [#]} 41. Rc3 Rc7 (41... dxc3 $142 42. Qc2 d4 (42... Qe1+ 43. Kh2 Qe4 44. Qc1 c2 45. f3 Qd3 46. g4 Qd1 47. g5 Qxc1 48. g6 Bxg6 49. g4 Qf4+ 50. Kh3 c1=R 51. gxf5 Bxf5+ 52. Kg2 R8c2#) 43. Kh2 d3 44. Qd1 c2 45. Qc1 d2 46. Qxd2 c1=Q (46... c1=B $2 47. Qd1 $19) 47. Qd7 Qee1 48. Qxc8+ Qxc8 49. g4 Qb8+ (49... Qxf2 $2 50. Kh3 Qc6 51. gxf5 Qcxg2#) 50. g3 Qxf2+ 51. Kh3 Qfxg3#) 42. Rxc7 $19 {[%emt 0:00:00][%mdl 4096] Endgame. KQR-KQB} Kh7 $4 (42... Qxc7 $19 43. Qa6 Qc4 44. Qa8+ Kh7) 43. Rc1 $2 (43. Rxf7 $18 {is the precise move to win.} Kg6 44. Rd7) 43... Bg6 44. Rd1 f4 45. gxf4 (45. Qxd4 Qxd4 46. Rxd4 fxg3) 45... Qxf4 46. Qxd4 Qg5 (46... Qxd4 {was worth a try.} 47. Rxd4 Bf7) 47. Qxd5 $18 Qg4 48. Re1 {[%emt 0:00:00] Against Be4} Qh4 49. Qe5 Qc4 50. Re3 Qc1+ {[%emt 0:00:10] [#]} 51. Kh2 $1 Qd2 52. Rf3 Qc2 53. Rf8 {[%emt 0:00:39] Black must now prevent Qb8.} Qa2 $2 (53... Qd1 $18 54. Kg3 Qh5) 54. Qb8 Bf7 55. Rh8+ Kg6 56. Qd6+ (56. Qg3+ $142 Kf6 57. Rh7) 56... Be6 (56... Qe6 $18 57. Qg3+ Kf6) 57. Re8 {[%emt 0:00:37] White mates.} Kf5 {[%emt 0:00:13] [#]} 58. g4+ $1 Kf6 (58... Kxg4 59. Qxe6+) 59. Qe7+ Ke5 60. Qxg7+ Ke4 61. Qg6+ ({And not} 61. Qxh6 Qxf2+ 62. Kh3 (62. Kh1 Qf1+ 63. Kh2 Qe2+ 64. Kh3 Qf3+ 65. Kh2 Qe2+ 66. Kh1 Qd1+ 67. Kh2 Qe2+ $11) 62... Qf3+ 63. Kh2 Qf2+ 64. Kh1 Qf3+ 65. Kg1 Qxg4+ 66. Kf2 Qf3+ 67. Kg1 Qg3+ 68. Kf1 Qd3+ 69. Kg1 Qb1+ 70. Kf2 Qa2+ 71. Kg1 Qb1+ 72. Kf2 Qb6+ 73. Kf1 Qb5+ 74. Kf2 Qxe8 $11) 61... Kf3 62. Qf6+ {[%emt 0:00:00] What a bad dream for Black.   Weighted Error Value: White=0.36/Black=0.44.  Loses game:     	White=1     	---        Mistake:       	White=1     	Black=7      Inaccurate:     	White=2     	Black=2      OK:         	White=14    	Black=15     Best:        	White=3     	Black=2      Strong:       	White=3     	---} (62. Rxe6 $2 {is a self mate.} Qxf2+ 63. Kh3 Qg3#) 1-0

[Event "III Menorca Open-A 2024"]
[Site "Ciutadella Menorca"]
[Date "2024.04.04"]
[Round "5.18"]
[White "Koelle, Tobias"]
[Black "Adhiban, B.."]
[Result "0-1"]
[ECO "D24"]
[WhiteElo "2467"]
[BlackElo "2541"]
[Annotator "TA"]
[PlyCount "151"]
[EventDate "2024.04.02"]
[EventType "swiss"]
[EventCountry "ESP"]
[SourceTitle "playchess.com"]
[Source "ChessBase"]
[SourceQuality "1"]
[TimeControl "5400+30"]

1. d4 d5 2. c4 e6 3. Nf3 Nf6 4. Nc3 dxc4 5. e4 b5 6. e5 {[%emt 0:00:05] D24: Queen's Gambit Accepted: 3 Nf3 Nf6 4 Nc3.} Nd5 7. Nxb5 Nb6 8. Be2 Nc6 9. O-O Be7 10. Nc3 O-O 11. Qd2 a5 $1 $146 {[%emt 0:00:21][%mdl 8] A relevant novelty.} ({Predecessor:} 11... Nb4 12. a3 N4d5 13. Ne4 Rb8 14. Re1 Bd7 15. Nc5 Bc6 16. Qc2 h6 17. Bf1 Kh8 {0-1 Moranda,W (2589)-Warakomski,T (2533) POL Superleague Rapid 2023 (4.2)}) 12. Rd1 Nb4 13. a3 Nd3 14. Bxd3 cxd3 15. Qxd3 Bb7 16. Ne4 h6 17. Ng3 Qd5 18. Nh5 Qe4 19. h3 Rfd8 20. Qxe4 Bxe4 21. Be3 Nd5 22. Nd2 Bg6 23. Nf4 Nxf4 24. Bxf4 Rxd4 25. Be3 Rd5 26. Rdc1 Bd8 27. Rc5 Rb8 28. b4 axb4 29. Rxd5 exd5 30. axb4 Be7 31. Ra7 Bxb4 32. Rxc7 d4 33. Bf4 Bf5 34. Nf3 Bc3 35. Bd2 Rb1+ 36. Kh2 Bxd2 37. Nxd2 Rb2 38. Nf3 d3 39. Ra7 Rxf2 40. Ra8+ Kh7 41. Kg3 Re2 42. Rd8 Be4 43. Rd7 Bf5 ({Better is} 43... Kg6 $17) 44. Rd6 ({White should play} 44. Rd8 $1 $11) 44... Ra2 45. Kf4 Bg6 46. g4 Re2 47. Rd4 Be4 $1 48. h4 $1 (48. Rxe4 g5+ 49. Kf5 Rf2 $17) 48... Bxf3 49. Kxf3 Rh2 (49... Rxe5 $15 50. h5 Re6) 50. Kg3 $11 Rd2 51. Kf3 Rd1 52. Ke3 Rh1 53. h5 g6 54. Rxd3 gxh5 55. gxh5 Rxh5 56. Kf4 Rg5 57. Rd7 Kg6 58. Rd6+ Kg7 59. Rd7 Rg6 60. Rd1 h5 61. Ra1 h4 62. Rh1 Rh6 63. Kg4 Kg6 64. Kh3 Kf5 65. Rf1+ Ke6 66. Rf2 Rh7 67. Re2 $1 Rh5 68. Re4 Rxe5 69. Rxh4 Rg5 70. Ra4 f6 71. Ra6+ Kf7 72. Ra7+ Kg6 73. Ra6 Rg1 74. Kh2 Rg5 75. Kh3 Rg1 76. Kh2 0-1